FIQ, lawful female dwarven Valkyrie @ A A @ A@ @ A @a3 AA@ @ V --+----A D @ A AA@ @ aA@a. A @@@ &AV @ @ A@ @ A@ @AA@a D @ A@ @ @A&@@ ---@- @@@A A@ A V@ ..%@% U@ ..&aA @ ... A... ...- .@[. ....-- .... -...----|- ....D.... ------- FIQ the Swashbuckler Experience level: 20 Strength: 18/** Dexterity: 17 Constitution: 19 Intelligence: 8 Wisdom: 14 Charisma: 13 Health: 0(178) Energy: 33(33) Def: 27 Gold: 1137 Moves: 32532 Dungeon seed: 7QsTA2JmxYyVbck7 Game ID: FIQ_1464897273 Your Inventory: Coins $ - 1137 gold pieces Amulets e - an uncursed amulet of life saving i - the Amulet of Yendor named real (being worn) Weapons a - the blessed rustproof +7 Excalibur (weapon in hand) X - a +0 silver saber (wielded in other hand) Armor n - an uncursed fireproof +0 cloak of magic resistance (being worn) q - an uncursed greased fireproof +3 pair of speed boots (being worn) r - a blessed greased +3 silver dragon scale mail (being worn) y - a blessed rustproof +0 helm of telepathy (being worn) Scrolls I - a cursed scroll of teleportation K - a cursed scroll of create monster Spellbooks R - the uncursed Book of the Dead Rings j - an uncursed ring of slow digestion B - an uncursed ring of conflict (on left hand) L - a blessed ring of levitation (on right hand) Wands w - a wand of striking (0:2) G - a wand of digging (0:4) N - a wand of teleportation (0:2) W - a wand of death (0:5) Tools b - a blessed bag of holding d - the uncursed Candelabrum of Invocation (7 candles attached) (0:198) f - the Bell of Opening (0:2) h - a +0 unicorn horn k - an uncursed skeleton key o - the blessed Orb of Fate (0:0) s - an uncursed stethoscope t - an uncursed towel E - a blessed magic marker (0:5) H - a cursed tooled horn Contents of the bag of holding: 1733 gold pieces an uncursed amulet of life saving an uncursed +0 Hawaiian shirt an uncursed +0 pair of water walking boots an uncursed C-ration an uncursed K-ration an uncursed banana an uncursed candy bar 3 uncursed carrots an uncursed clove of garlic 2 uncursed cram rations an uncursed cream pie 2 uncursed eggs 13 uncursed food rations 2 uncursed fortune cookies an uncursed partly eaten lizard corpse 2 uncursed lizard corpses 3 uncursed lumps of royal jelly an uncursed orange an uncursed pancake 4 uncursed slime molds an uncursed tin of nurse meat 7 uncursed tripe rations 2 blessed scrolls of blank paper 6 uncursed scrolls of blank paper a cursed scroll of blank paper 2 uncursed scrolls of confuse monster a cursed scroll of confuse monster 5 blessed scrolls of create monster 6 uncursed scrolls of create monster a cursed scroll of create monster a cursed scroll of destroy armor an uncursed scroll of earth 2 uncursed scrolls of enchant armor 2 uncursed scrolls of food detection a blessed scroll of identify 2 blessed scrolls of light 4 uncursed scrolls of light an uncursed scroll of punishment a blessed scroll of remove curse 4 uncursed scrolls of remove curse an uncursed scroll of scare monster 2 blessed scrolls of teleportation 14 uncursed scrolls of teleportation a cursed scroll of teleportation a blessed spellbook of blank paper an uncursed potion of acid a blessed potion of blindness an uncursed potion of blindness a blessed potion of confusion 3 uncursed potions of full healing a cursed potion of full healing 3 uncursed potions of healing a cursed potion of healing 3 potions of holy water a blessed potion of invisibility an uncursed potion of invisibility 3 uncursed potions of object detection an uncursed potion of restore ability a cursed potion of see invisible a blessed potion of sleeping an uncursed potion of speed 2 uncursed potions of water an uncursed ring of free action a cursed ring of free action an uncursed -2 ring of gain constitution an uncursed -2 ring of increase accuracy an uncursed ring of invisibility an uncursed ring of invisibility an uncursed ring of poison resistance an uncursed ring of poison resistance a cursed ring of polymorph a cursed ring of polymorph control a cursed ring of regeneration an uncursed ring of searching an uncursed ring of see invisible an uncursed ring of shock resistance an uncursed ring of shock resistance a cursed ring of stealth an uncursed ring of teleport control an uncursed ring of teleportation a wand of cancellation (0:0) a cursed wand of cold (0:5) a wand of cold (0:0) a wand of create monster (0:13) a wand of create monster (0:10) a wand of create monster (0:1) a wand of digging (0:7) a wand of digging (0:4) a blessed wand of digging (0:1) a wand of enlightenment (0:13) a wand of fire (0:6) a wand of fire (0:3) a wand of fire (0:2) a wand of lightning (0:5) a wand of lightning (0:4) a wand of lightning (0:3) a wand of magic missile (0:8) a wand of magic missile (0:8) a cursed wand of magic missile (0:7) a wand of magic missile (0:6) a wand of magic missile (0:6) a wand of magic missile (0:5) a wand of magic missile (0:4) a wand of make invisible (0:6) a wand of make invisible (0:5) a wand of make invisible (0:4) a wand of opening (0:4) a wand of probing (0:7) a wand of secret door detection (0:9) a blessed wand of sleep (0:7) a wand of sleep (0:6) a wand of sleep (0:4) a wand of sleep (0:3) a wand of speed monster (0:7) a wand of speed monster (0:5) a wand of striking (0:6) a wand of striking (0:5) a wand of striking (0:5) a wand of striking (0:4) a wand of striking (0:3) Spells and supernatural/magical abilities: Name Level Category Fail Memory k - knock 1 matter 76% 65% l - light 1 divination 76% 65% p - protection 1 clerical 76% 65% r - remove curse 3* clerical 100% 0% W - pray for help -- divine ? -- Your skills at the end: Fighting Skills two weapon combat [Skilled] Weapon Skills dagger [Basic] long sword [Expert] Spellcasting Skills Final Attributes: You were piously aligned. You were fire resistant. You were cold resistant. You were sleep resistant. You were disintegration-resistant. You were shock resistant. You were poison resistant. You were level-drain resistant. You were magic-protected. You were stunned. You were blinded. You saw invisible. You were telepathic. You were warned. You had automatic searching. You were clairvoyant. You had infravision. You were invisible to others. You were stealthy. You caused conflict. You were levitating. You were protected. You were very fast. You had reflection. You were wielding two weapons at once. You were extremely lucky. You had extra luck. Good luck did not time out for you. You are dead. Vanquished creatures: Asmodeus Baalzebub Orcus Juiblex The Wizard of Yendor (7 times) a high priest Medusa 6 krakens an iron golem 2 storm giants a glass golem a balrog 5 purple worms 2 silver dragons 2 red dragons 2 white dragons an orange dragon 2 black dragons 3 blue dragons a green dragon a yellow dragon 22 minotaurs a jabberwock Lord Surtur 5 baluchitheria an Angel Vlad the Impaler 6 stone golems a master mind flayer 3 Olog-hai a Nazgul 2 pit fiends a sandestin 3 titanotheres a trapper a baby orange dragon a guardian naga 4 disenchanters 25 vampire lords 5 shades 2 skeletons 5 aligned priests 3 liches a clay golem 5 nurses 6 ice devils a nalfeshnee 2 frost giants 2 ettins 4 black puddings 11 vampires 10 ghosts 6 lieutenants a queen bee a winged gargoyle 11 giant mimics 3 zruties 33 fire giants 4 ogre kings 4 ice trolls 7 rock trolls 3 umber hulks a flesh golem 4 Elvenkings 2 doppelgangers 4 hezrous a bone devil 4 large mimics 4 wumpuses a long worm a couatl 5 stalkers 7 air elementals 6 fire elementals 2 earth elementals 6 water elementals 5 hill giants 3 giant mummies 3 xorns 5 giant zombies 2 elf-lords 4 sergeants a water demon 3 barbed devils 3 vrocks 5 wargs 2 winter wolves 2 hell hound pups 18 small mimics a glass piercer 5 warhorses 3 steam vortices 9 xans 4 ettin mummies 6 ogre lords 7 quantum mechanics 30 trolls 2 wood golems 3 mariliths a djinni 2 sharks 5 electric eels 4 gelatinous cubes 5 pyrolisks 2 large dogs 3 freezing spheres 4 flaming spheres 2 shocking spheres 2 large cats 5 tigers 4 gargoyles 5 ochre jellies 3 leocrottas 6 energy vortices 4 mountain centaurs 6 stone giants an elf mummy 2 human mummies 4 red nagas 4 green slimes 3 pit vipers 2 pythons 4 cobras 10 wraiths 7 ettin zombies 2 leather golems 8 Grey-elves 28 soldiers 3 horned devils 2 succubi 8 incubi 4 chameleons a crocodile 7 giant beetles 5 quivering blobs 10 cockatrices 8 wolves 5 winter wolf cubs 3 lynxes 5 gremlins a spotted jelly 80 leprechauns an orc-captain an iron piercer 3 mumakil 10 giant spiders 2 scorpions 4 horses an ice vortex 2 black lights 3 vampire bats 7 forest centaurs a gnome king 4 orc mummies 4 ogres 4 brown puddings 8 rust monsters 7 owlbears a yeti 2 gold golems a werewolf 9 Green-elves 2 piranhas 8 giant eels 4 lizards 9 chickatrices 3 dingos 2 blue jellies a gray unicorn a black unicorn 5 dust vortices 3 ravens 10 plains centaurs a gnome mummy 2 snakes 4 water moccasins 7 apes 6 human zombies a rope golem 15 Woodland-elves 9 soldier ants 88 fire ants 20 bugbears 2 imps a lemure 3 quasits 2 wood nymphs 3 water nymphs 5 mountain nymphs 3 Mordor orcs 4 Uruk-hai 5 orc shamans 5 rock piercers 3 rock moles 4 ponies 3 fog clouds 6 yellow lights 2 shriekers 4 violet fungi 5 gnome lords 2 gnomish wizards a Kop Lieutenant 4 kobold mummies 3 gray oozes 3 barrow wights 7 elf zombies 5 ghouls a jellyfish 13 giant ants 2 little dogs 4 floating eyes 2 kittens 2 homunculi 3 kobold lords 2 kobold shamans 8 hill orcs 7 rothes a rabid rat 3 centipedes 3 giant bats 4 Kop Sergeants 3 monkeys 11 orc zombies 3 dwarf zombies 3 wererats a werejackal 7 iguanas 19 killer bees 5 acid blobs 7 coyotes 2 gas spores 3 hobbits 5 manes 2 large kobolds 26 hobgoblins 6 giant rats 3 cave spiders a brown mold 8 yellow molds a red mold 15 gnomes 8 Keystone Kops 6 gnome zombies 8 geckos 11 jackals 2 kobolds 7 goblins 12 sewer rats 7 grid bugs 7 bats 6 lichens 5 kobold zombies 7 newts 1340 creatures vanquished. Genocided species: mind flayers master mind flayers liches demiliches master liches arch-liches 6 species genocided. Voluntary challenges: You had followed a strict vegan diet until turn 3795. You had followed a strict vegetarian diet until turn 3795. You used a wielded weapon 2498 times, starting on turn 143. You read items or engraved 130 times, starting on turn 680. You genocided 6 types of monsters, starting on turn 16828. You never polymorphed an object. You never changed form. You used 6 wishes, starting on turn 2339. You did not wish for any artifacts. You split 6 puddings, starting on turn 11542. You wrote Elbereth's name 59 times, starting on turn 4692. You violated your moral code, losing 43 points of alignment, starting on turn 5941. Dungeon overview: The Dungeons of Doom: levels 1 to 27 Level 1 stairs to The Elemental Planes Level 2 an altar to Odin, a sink Level 3 a sink stairs to The Gnomish Mines Level 4 Level 5 an altar to Tyr Level 6 Level 7 Level 8 a fountain Level 9 Level 10 stairs to Sokoban Level 11 Level 12 an altar to Tyr, a fountain Level 13 some altars to Tyr and Loki Level 14 an altar to Odin, some fountains, a sink Level 15 Level 16 portal to The Quest Level 17 Level 18 Level 19 Level 20 Level 21 Level 22 Level 23 a scroll shop Level 24 Level 25 Level 26 Level 27 a fountain Gehennom: levels 28 to 49 Level 28 a temple to Moloch stairs to The Dungeons of Doom Level 29 Level 30 Level 31 Level 32 some fountains Level 33 Level 34 Level 35 Level 36 Level 37 some shops, an altar to Moloch Level 38 Level 39 stairs to Vlad's Tower Level 40 Level 41 Level 42 Level 43 portal to Gehennom Level 44 Level 45 Level 46 Level 47 portal to Gehennom Level 48 Level 49 The Gnomish Mines: levels 4 to 7 Level 4 stairs to The Dungeons of Doom Level 5 Level 6 many shops, a temple to Odin, some fountains Level 7 The Quest: levels 1 to 6 Level 1 a fountain portal to The Dungeons of Doom Level 2 Level 3 Level 4 Level 5 Level 6 Sokoban: levels 6 to 9 Level 6 Level 7 Level 8 Level 9 stairs to The Dungeons of Doom Vlad's Tower: levels 36 to 38 Level 36 Level 37 Level 38 stairs to Gehennom The Elemental Planes: Astral Plane <- You were here Plane 4 portal to The Elemental Planes Plane 3 portal to The Elemental Planes Plane 2 portal to The Elemental Planes Plane 1 portal to The Elemental Planes History has recorded: On T:1 you entered the Dungeons of Doom to retrieve the Amulet of Yendor! On T:431 you reached level 2 of The Dungeons of Doom. On T:962 you reached level 3 of The Dungeons of Doom. On T:1000 you advanced to experience level 2. On T:1110 you reached level 1 of The Gnomish Mines. On T:1273 you reached level 2 of The Gnomish Mines. On T:1457 you advanced to experience level 3. On T:1696 you advanced to experience level 4. On T:1828 you reached level 3 of The Gnomish Mines. On T:2339 you wished for "blessed greased fixed +3 silver dragon scale mail". On T:2421 you reached level 4 of The Gnomish Mines. On T:2450 you advanced to experience level 5. On T:2989 you reached level 4 of The Dungeons of Doom. On T:3422 you reached level 5 of The Dungeons of Doom. On T:3475 you reached level 6 of The Dungeons of Doom. On T:3642 you advanced to experience level 6. On T:3979 you reached level 7 of The Dungeons of Doom. On T:4345 you reached level 8 of The Dungeons of Doom. On T:4517 you advanced to experience level 7. On T:4663 you reached level 9 of The Dungeons of Doom. On T:5298 you reached level 10 of The Dungeons of Doom. On T:5463 you reached level 4 of Sokoban. On T:5725 you reached level 3 of Sokoban. On T:5852 you advanced to experience level 8. On T:6166 you reached level 11 of The Dungeons of Doom. On T:6263 you reached level 12 of The Dungeons of Doom. On T:6573 you reached level 13 of The Dungeons of Doom. On T:6914 you reached level 14 of The Dungeons of Doom. On T:7233 you reached level 15 of The Dungeons of Doom. On T:7341 you reached level 16 of The Dungeons of Doom. On T:7396 you advanced to experience level 9. On T:7462 you reached level 17 of The Dungeons of Doom. On T:8160 you advanced to experience level 10. On T:9868 you reached level 2 of Sokoban. On T:10224 you reached level 1 of Sokoban. On T:11894 you advanced to experience level 11. On T:12802 you reached level 18 of The Dungeons of Doom. On T:13000 you reached level 19 of The Dungeons of Doom. On T:13430 you reached level 20 of The Dungeons of Doom. On T:13744 you reached level 21 of The Dungeons of Doom. On T:14083 you reached level 22 of The Dungeons of Doom. On T:14402 you reached level 23 of The Dungeons of Doom. On T:14666 you reached level 24 of The Dungeons of Doom. On T:14825 you advanced to experience level 12. On T:14831 you advanced to experience level 13. On T:15109 you killed Medusa on level 24 of The Dungeons of Doom. On T:15115 you reached level 25 of The Dungeons of Doom. On T:15182 you reached level 26 of The Dungeons of Doom. On T:15377 you reached The Castle. On T:15405 you advanced to experience level 14. On T:17118 you reached level 1 of The Quest. On T:17212 you embarked upon an epic quest. On T:17246 you reached level 2 of The Quest. On T:17289 you reached level 3 of The Quest. On T:17614 you reached level 4 of The Quest. On T:17732 you reached level 5 of The Quest. On T:17917 you reached level 6 of The Quest. On T:18295 you killed Lord Surtur on level 6 of The Quest. On T:18842 you completed the quest! On T:21881 you wished for "blessed magic marker". On T:21901 you wished for "blessed ring of levitation". On T:21902 you wished for "blessed greased fixed +3 cloak of magic resistance". On T:21905 you wished for "blessed greased fixed +3 speed boots". On T:22003 you wished for "blessed greased fixed +3 helm of telepathy". On T:22174 you reached The Valley of the Dead. On T:22378 you reached level 2 of Gehennom. On T:22540 you reached level 3 of Gehennom. On T:22848 you reached level 5 of Gehennom. On T:23400 you reached level 6 of Gehennom. On T:23437 you reached level 8 of Gehennom. On T:23619 you reached level 7 of Gehennom. On T:23865 you killed Asmodeus on level 7 of Gehennom. On T:24241 you reached level 9 of Gehennom. On T:24646 you killed Baalzebub on level 9 of Gehennom. On T:24699 you reached level 10 of Gehennom. On T:25021 you reached level 11 of Gehennom. On T:25030 you killed Orcus on level 11 of Gehennom. On T:25030 you advanced to experience level 15. On T:25148 you reached level 12 of Gehennom. On T:25180 you reached level 3 of Vlad's Tower. On T:25231 you reached level 2 of Vlad's Tower. On T:25301 you reached level 1 of Vlad's Tower. On T:25314 you killed Vlad the Impaler on level 1 of Vlad's Tower. On T:25596 you reached level 13 of Gehennom. On T:25622 you reached level 14 of Gehennom. On T:25647 you reached level 15 of Gehennom. On T:25682 you reached level 16 of Gehennom. On T:25748 you reached level 17 of Gehennom. On T:25794 you reached level 18 of Gehennom. On T:25923 you reached level 19 of Gehennom. On T:25978 you reached level 20 of Gehennom. On T:26052 you reached level 21 of Gehennom. On T:28919 you killed Wizard of Yendor on level 14 of Gehennom. On T:29160 you performed the invocation. On T:29161 you reached level 22 of Gehennom. On T:29238 you killed high priestess of Moloch on level 22 of Gehennom. On T:29241 you gained the Amulet of Yendor! On T:29747 you lost the Amulet of Yendor. On T:29777 you killed Wizard of Yendor on level 14 of Gehennom. On T:29778 you gained the Amulet of Yendor! On T:30808 you killed Wizard of Yendor on level 9 of Gehennom. On T:30811 you killed Wizard of Yendor on level 9 of Gehennom. On T:30996 you killed Juiblex on level 5 of Gehennom. On T:31927 you advanced to experience level 16. On T:32095 you lost the Amulet of Yendor. On T:32097 you killed Wizard of Yendor on level 7 of The Dungeons of Doom. On T:32100 you killed Wizard of Yendor on level 7 of The Dungeons of Doom. On T:32104 you gained the Amulet of Yendor! On T:32230 you advanced to experience level 17. On T:32231 you advanced to experience level 18. On T:32231 you advanced to experience level 19. On T:32287 you reached the Plane of Earth. On T:32288 you killed Wizard of Yendor on the Plane of Earth. On T:32290 you advanced to experience level 20. On T:32358 you reached the Plane of Air. On T:32435 you reached the Plane of Fire. On T:32441 you reached the Plane of Water. On T:32515 you reached the Astral Plane. Score breakdown: Gold: 2870 (11763 points) Experience: 20 levels (24282 points) Exploration: 49 levels (100.00%) (30000 points) Discoveries: 87 items ( 35.37%) (17840 points) Valuables value: (no points given unless you survive) Artifact value: 27500 (15101 points) Variety of kills: 253 monsters ( 66.40%) (24446 points) Turncount: 32532 turns (-4121 points) Survival: died (score multiplied by 80%) Total score: 95448 Latest messages: The priest of Odin swings his mace. The priest of Odin misses. The priest of Odin kicks! The priest of Odin casts a spell at you! Scales cover your eyes! Famine reaches out, and your body shrivels. Famine touches you! The priestess of Moloch casts a spell at the priestess of Moloch! Nothing seems to happen. The giant beetle misses. The Angel of Tyr hits! (3x) The Angel of Tyr casts a spell at you! You are hit by a shower of missiles! The missiles bounce off! The priest of Odin hits! The priest of Odin kicks! You hear a mumbled curse. The priestess of Odin casts a spell! The priestess of Odin summons insects around a spot near you! You die... Final status: Farvel FIQ the Valkyrie, killed by a priestess of Odin (with the Amulet)... You died in The Astral Plane with 95448 points, and 2870 pieces of gold, after 32532 moves. You were level 20 with a maximum of 178 hit points when you died.